 Dungeon Crawl Stone Soup version 0.24.1-14-gf8d2b509d9 (webtiles) character file.

Game seed: 6618384056715113674, levelgen mode: deterministic

59 Peloso the Shield-Bearer (level 4, -4/35 HPs)
             Began as a Formicid Fighter on June 1, 2020.
             Killed by divine providence
             ... invoked by an orc priest
              (15 damage)
             ... on level 3 of the Dungeon.
             The game lasted 00:02:24 (993 turns).

Peloso the Shield-Bearer (Formicid Fighter)          Turns: 993, Time: 00:02:25

Health: -4/35      AC: 11    Str: 20    XL:     4   Next: 22%
Magic:  4/4        EV:  8    Int:  8    God:
Gold:   91         SH:  9    Dex: 11    Spells: 3/3 levels left

rFire    . . .     SeeInvis +   a - +0 long sword
rCold    . . .     Gourm    .   c - +0 shield
rNeg     . . .     Faith    .   g - +0 scale mail
rPois    .         Spirit   .   (helmet unavailable)
rElec    .         Reflect  .   (no cloak)
rCorr    .         Harm     .   m - +2 pair of gloves
MR       .....                  p - +0 pair of boots
Stlth    ..........             (no amulet)
HPRegen  0.11/turn              (no ring)
MPRegen  0.09/turn              (no ring)

@: no status effects
A: permanent stasis, dig shafts and tunnels, four strong arms, antennae 3
a: Dig, Shaft Self


You were on level 3 of the Dungeon.
You were hungry.

You visited 1 branch of the dungeon, and saw 3 of its levels.

You collected 91 gold pieces.

Inventory:

Hand Weapons
 a - a +0 long sword (weapon)
 b - a +2 short sword of electrocution
Armour
 c - a +0 shield (worn)
 g - a +0 scale mail (worn)
 m - a +2 pair of gloves (worn)
 p - a +0 pair of boots (worn)
Scrolls
 i - 2 scrolls of identify {unknown}
 j - a scroll of magic mapping {unknown}
 l - a scroll of blinking {unknown}
 n - a scroll of teleportation {unknown}
 o - 2 scrolls of remove curse {unknown}
Potions
 d - a potion of might
 e - a potion of agility {unknown}
 h - a potion of heal wounds {unknown}
 k - a potion of flight {unknown}
Comestibles
 f - 6 rations


   Skills:
 + Level 3.5 Fighting
 + Level 3.1 Long Blades
 + Level 3.6 Armour
 + Level 4.3 Shields


You had 3 spell levels left.
You didn't know any spells.
Your spell library contained the following spells:

 Spells                   Type           Power        Failure   Level  Hunger
 Magic Dart               Conj           #...         97%         1    ##.....
 Call Imp                 Summ           #.......     99%         2    ###....
 Slow                     Hex            #.......     99%         2    ###....
 Conjure Flame            Conj/Fire      #.......     100%        3    ####...
 Mephitic Cloud           Conj/Pois/Air  #.......     100%        3    ####...
 Blink                    Tloc           Unusable     N/A         2    N/A

Dungeon Overview and Level Annotations

Branches:
Dungeon (3/15)

Altars:
Hepliaklqana


Innate Abilities, Weirdness & Mutations

You cannot be hasted, slowed, berserked, paralysed or teleported.
You can dig through walls and to a lower floor.
Your four strong arms can wield two-handed weapons with a shield.
You have a pair of large antennae on your head. (SInv)


Message History

The orc priest shouts!
An orc comes into view. It is wielding a +0 war axe.
Found a hazy altar of Hepliaklqana.
An orc comes into view. It is wielding a +0 mace.
The orc shouts! x2
The orc priest calls down the wrath of Beogh upon you.
Beogh smites you!
Found 14 gold pieces.
Found a stone staircase leading up.
Unknown command.
You barely miss the orc priest. You hit the orc.
The orc is lightly wounded.
The orc priest calls down the wrath of Beogh upon you.
Beogh smites you! The orc hits you but does no damage.
The orc priest barely misses you.
You slash the orc!
You kill the orc!
The orc priest calls down the wrath of Beogh upon you.
Beogh smites you!
You die...

#$..<# #....# #.._.#
#....# ....# ###...###
## #.......#+## #. #
#.##o##..... #. .#.#
##..@o.....!. .##
.#.#.#####.)...... ...
.)................
#.###).................
#.#...###.###...#######
#.#...# #...# #.....+
..###...### ###...#
#........### #...#
#.##.......#


You could see an orc priest and an orc.

Vanquished Creatures
  An adder (D:3)
  2 worms
  A dart slug (D:2)
  A leopard gecko (D:2)
  An orc (D:3)
  A bat (D:1)
  2 giant cockroaches
  3 goblins
  7 hobgoblins
  4 jackals (D:2)
  3 kobolds (D:1)
  A quokka (D:2)
  4 frilled lizards
  8 rats
39 creatures vanquished.

Notes
Turn   | Place    | Note
-------+----------+-------------------------------------------
     0 | D:1      | Peloso the Formicid Fighter began the quest for the Orb.
     0 | D:1      | Reached XP level 1. HP: 18/18 MP: 1/1
   163 | D:1      | Reached XP level 2. HP: 24/24 MP: 2/2
   648 | D:1      | You fall into a shaft and drop 1 floor!
   655 | D:2      | Reached skill level 4 in Shields
   662 | D:2      | Reached XP level 3. HP: 25/29 MP: 3/3
   928 | D:2      | You fall into a shaft and drop 1 floor!
   959 | D:3      | Reached XP level 4. HP: 34/35 MP: 4/4
   987 | D:3      | Found a hazy altar of Hepliaklqana.
   993 | D:3      | Killed from afar by an orc priest

Levels and vault maps discovered:
D:1:      dpeg_arrival_concentric_ovals, layout_loops_corners,
          grunt_decor_one_mirror, st_stairs_9
D:2:      layout_rooms
D:3:      layout_basic, overflow_temple_1_default, first_ration

Skill      XL: |  1  2  3 |
---------------+----------+-----
Shields        | 4 |  4.3
Long Blades    | 3 |  3.1
Fighting       | |  3.5
Armour         | |  3.6

Action                   |  1- 3 |  4- 6 || total
-------------------------+-------+-------++-------
Melee: Long sword        |    98 |    11 ||   109
Armor: Scale mail        |    29 |     1 ||    30
Dodge: Dodged            |    33 |     4 ||    37
Block: Shield            |    56 |     1 ||    57
       Rpst.: Long sword |    11 |       ||    11
